 Dungeon Crawl Stone Soup version 0.30-a0-585-g93115170b9 (webtiles) character file.

Game seed: 13158711508616062170

16354 whiskeysaurus the Destroyer (level 12, -2/98 HPs)
             Began as a Demonspawn Conjurer on Jan 1, 2023.
             Was a High Priest of Cheibriados.
             Shot with an arrow by a centaur warrior (12 damage)
             ... on level 13 of the Dungeon on Jan 2, 2023.
             The game lasted 00:48:11 (13161 turns).

whiskeysaurus the Destroyer (Demonspawn Conjurer)  Turns: 13161, Time: 00:48:11

Health: -2/98      AC: 18    Str: 34    XL:     12   Next: 9%
Magic:  18/24      EV: 13    Int: 34    God:    Cheibriados [*****.]
Gold:   1162       SH:  0    Dex: 24    Spells: 21/28 levels left

rFire   . . .      SeeInvis .    U - staff of conjuration
rCold   . . .      Faith    .    (no shield)
rNeg    . . .      Spirit   .    F - +0 steam dragon scales
rPois   .          Reflect  .    s - +2 helmet
rElec   .          Harm     .    Y - +0 cloak
rCorr   .          Rampage  .    (no gloves)
Will    .....                    y - +1 pair of boots
Stlth   +++                      c - amulet of regeneration
HPRegen 1.16/turn                p - +6 ring of strength
MPRegen 0.19/turn                g - ring of Jismaq {AC+4 Str+6}

@: marked, very slow
A: rugged brown scales 2, ignite blood 1, powered by death 1, demonic touch 2
a: Renounce Religion, Bend Time, Temporal Distortion, Slouch, Step From Time


You were on level 13 of the Dungeon.
You worshipped Cheibriados.
Cheibriados was extremely pleased with you.
You visited 2 branches of the dungeon, and saw 14 of its levels.
You also visited: Ossuary.

You collected 1162 gold pieces.

Inventory:

Hand Weapons
 r - a +1 short sword of draining
 z - a +3 falchion of flaming
Armour
 s - a +2 helmet (worn)
 t - the +1 chain mail of Jemopr Jauc {+Inv}
   (You found it on level 3 of the Dungeon)

   +Inv:      It lets you turn invisible.
 v - a +2 leather armour of fire resistance
 y - a +1 pair of boots (worn)
 F - +0 steam dragon scales (worn)
 Y - a +0 cloak (worn)
Magical Staves
 U - a staff of conjuration (weapon)
Jewellery
 c - an amulet of regeneration (around neck)
 g - the ring of Jismaq (right hand) {AC+4 Str+6}
   (You acquired it on level 10 of the Dungeon)

   [ring of protection]

   AC:        It affects your AC (+4).
   Str:       It affects your strength (+6).
 j - an amulet of magic regeneration
 p - a +6 ring of strength (left hand)
 C - a ring of positive energy
 G - an amulet of reflection
 H - a ring of resist corrosion
 Q - a ring of willpower
Wands
 d - a wand of iceblast (7)
 x - a wand of flame (70)
 J - a wand of polymorph (14)
 N - a wand of acid (6)
 P - a wand of mindburst (10)
 Z - a wand of charming (4)
Scrolls
 e - a scroll of identify
 h - 3 scrolls of vulnerability
 i - 2 scrolls of fear
 k - 2 scrolls of teleportation
 l - 2 scrolls of enchant armour
 m - 3 scrolls of torment
 o - 3 scrolls of immolation
 q - 7 scrolls of blinking
 u - 2 scrolls of amnesia
 B - a scroll of enchant weapon
 M - 2 scrolls of fog
 O - 2 scrolls of poison
 V - a scroll of noise {unknown}
Potions
 a - a potion of might
 b - a potion of magic
 f - a potion of curing
 n - 4 potions of attraction
 w - a potion of cancellation
 A - 2 potions of brilliance
 I - 2 potions of invisibility
 R - a potion of heal wounds
 S - a potion of resistance
 X - a potion of lignification


   Skills:
 + Level 8.8 Fighting
 - Level 5.0(6.0) Short Blades
 - Level 5.0(6.0) Long Blades
 + Level 3.0 Staves
 + Level 3.1 Armour
 - Level 2.4 Dodging
 - Level 2.5 Stealth
 + Level 8.6 Spellcasting
 + Level 10.0 Conjurations
 + Level 2.1 Translocations
 + Level 9.2 Invocations


You had 21 spell levels left.
You knew the following spells:

 Your Spells              Type           Power      Damage    Failure   Level
a - Magic Dart            Conj           100%       1d8       1%          1
b - Searing Ray           Conj           100%       2d8       1%          2
c - Fulminant Prism       Conj/Hex       32%        3d16      3%          4

Your spell library contained the following spells:

 Spells                   Type           Power      Damage    Failure   Level
 Blink                    Tloc           58%        N/A       1%          2
 Dazzling Flash           Conj/Hex       100%       N/A       1%          3
 Iskenderun's Mystic Bla  Conj/Tloc      71%        2d14      2%          4
 Slow                     Hex            56%        N/A       3%          1
 Flame Wave               Conj/Fire      65%        2d15      3%          4
 Scorch                   Fire           28%        2d6       4%          2
 Confusing Touch          Hex            14%        N/A       10%         3
 Vampiric Draining        Necr           14%        2d7       10%         3
 Manifold Assault         Tloc           29%        N/A       13%         4
 Olgreb's Toxic Radiance  Pois           14%        N/A       30%         4
 Summon Cactus Giant      Summ           7%         N/A       99%         6
 Ozocubu's Refrigeration  Ice            7%         4d9       100%        7
 Storm Form               Tmut/Air       7%         N/A       100%        7
 Ignition                 Fire           7%         3d4       100%        8


Dungeon Overview and Level Annotations

Branches:
Dungeon (13/15)            Temple (1/1) D:6            Lair (0/5) D:8
    Orc (0/2) D:12        Ossuary (visited)
 Vaults: D:13-14

Altars:
Ashenzari
Cheibriados
Dithmenos
Fedhas
Gozag
Hepliaklqana
Kikubaaqudgha
Makhleb
Nemelex Xobeh
Okawaru
Qazlal
Ru
Sif Muna
Trog
Uskayaw
Vehumet
Wu Jian
Xom
Yredelemnul

Shops:
D:3 [   D:5 =(*(

Annotations:
D:7 3 runed translucent doors, Esekla's ghost, novice OpDe; Jackthecabe's ghost, novice TeAE; Sabo's ghost, novice AtFi; ryw's ghost, novice HONe


Innate Abilities, Weirdness & Mutations

You are mostly covered in rugged brown scales. (AC +2, +5% HP)
Your demonic aura sometimes causes spilled blood to erupt in flames.
You regenerate a little health from kills.
Your touch may inflict irresistible damage on your foes.


Message History

A fulminant prism comes into view.
Your fulminant prism crackles loudly.
You hit the seven-headed hydra.
You blast the seven-headed hydra!
Your touch misses the seven-headed hydra.
The seven-headed hydra is moderately wounded.
The seven-headed hydra misses you. The seven-headed hydra bites you!
The seven-headed hydra bites you but does no damage.
The seven-headed hydra misses you.
The seven-headed hydra completely misses you.
The seven-headed hydra bites you but does no damage.
The seven-headed hydra barely misses you.
Your fulminant prism crackles loudly.
Your fulminant prism explodes!
The blast of energy engulfs the seven-headed hydra!!
The seven-headed hydra is heavily wounded.
You hit the seven-headed hydra!
You blast the seven-headed hydra.
Your touch misses the seven-headed hydra.
The seven-headed hydra is severely wounded.
The seven-headed hydra misses you.
The seven-headed hydra bites you but does no damage.
The seven-headed hydra bites you! x2
The seven-headed hydra closely misses you. x2
The seven-headed hydra bites you.
Your fulminant prism explodes!
The blast of energy engulfs the seven-headed hydra!!
You kill the seven-headed hydra!
Cheibriados thoroughly appreciates the change of pace.
Your Staves skill increases to level 3!
A yaktaur comes into view. x2
The yaktaur wields a +0 arbalest.
The yaktaur shoots a bolt.
The bolt hits you!
A yaktaur comes into view.
The yaktaur shoots a bolt.
The bolt hits you!!
A centaur warrior comes into view.
The yaktaur wields a +0 arbalest.
The yaktaur shoots a bolt.
The bolt hits you!
There is a stone staircase leading up, spattered with blood here.
The yaktaur shoots a bolt.
The bolt hits you!!
* * * LOW HITPOINT WARNING * * *
The centaur warrior wields a +0 shortbow.
The centaur warrior shoots an arrow.
The arrow hits you!
You die...

######### #.#.....#
#.#..... ###.#.... .
##...#..####.. ..
#...#.............
...#...#.............
...#...#....°@.......
.......#.............
.......#.............
.......#.............
.......#.............
#..cc.............
#.>cc.............
#...c.............
#........<.......


You could see a centaur warrior, 3 yaktaurs and a centaur.

Vanquished Creatures
  Erolcha (D:9)
  A hydra (D:13)
  5 two-headed ogres
  Urug (D:10)
  A manticore (D:12)
  2 cyclopes
  Maggie (D:10)
  2 gargoyles
  2 kobold demonologists
  3 trolls (D:12)
  A hornet (D:11)
  3 slime creatures (D:12)
  A centaur simulacrum (D:11)
  A wyvern (D:8)
  2 wraiths
  8 yaks (D:11)
  4 shadows
  4 vampire mosquitoes (D:10)
  A steam dragon (D:7)
  2 wargs (D:8)
  An acid dragon (D:11)
  3 water moccasins
  8 orc warriors
  An ice beast (D:6)
  2 ogres
  2 phantoms (D:4)
  4 centaurs
  5 kobold brigands
  3 bullfrogs
  A gnoll sergeant (D:5)
  A scorpion (D:7)
  5 wights (D:9)
  3 howler monkeys
  2 centaur zombies (Ossuary)
  4 jellies
  13 orc priests
  A gnoll bouda (D:8)
  A hound (D:6)
  A human zombie (Ossuary)
  3 iguanas
  Ijyb (D:3)
  20 orc wizards
  2 mummies (Ossuary)
  Robin (D:2)
  3 adders
  17 gnolls
  An ufetubus (D:6)
  A dart slug (D:2)
  52 orcs
  5 bats
  7 endoplasms
  2 giant cockroaches
  2 gnoll zombies (Ossuary)
  14 goblins
  13 hobgoblins
  2 quokkas
  6 ball pythons
  9 frilled lizards
  2 goblin zombies (Ossuary)
  3 hobgoblin zombies (Ossuary)
  17 kobolds
  4 orc zombies (Ossuary)
  4 rats
298 creatures vanquished.

Vanquished Creatures (others)
  42 fulminant prisms
  4 plants (D:3)
46 creatures vanquished.

Grand Total: 344 creatures vanquished

Notes
Turn   | Place    | Note
-------+----------+-------------------------------------------
     0 | D:1      | whiskeysaurus the Demonspawn Conjurer began the quest for
                  | the Orb.
     0 | D:1      | Reached XP level 1. HP: 13/13 MP: 3/3
   198 | D:1      | Gained mutation: You are partially covered in rugged brown
                  | scales. (AC +1, +3% HP) [demonic ancestry]
   198 | D:1      | Reached XP level 2. HP: 12/19 MP: 0/5
   813 | D:1      | Reached XP level 3. HP: 24/24 MP: 3/6
  1191 | D:2      | Noticed Robin
  1197 | D:2      | Killed Robin
  1691 | D:3      | Identified the +1 chain mail of Jemopr Jauc {+Inv}
  1715 | D:3      | Gained mutation: Your touch may inflict minor irresistible
                  | damage on your foes. [demonic ancestry]
  1715 | D:3      | Reached XP level 4. HP: 30/30 MP: 4/7
  1811 | D:3      | Noticed Ijyb
  1851 | D:3      | Killed Ijyb
  1852 | D:3      | Reached skill level 1 in Fighting
  1852 | D:3      | Reached XP level 5. HP: 15/38 MP: 9/9
  2064 | D:3      | Reached skill level 1 in Short Blades
  2096 | D:3      | Found Jatitut's Armour Boutique.
  2374 | D:4      | Noticed a phantom
  2388 | D:4      | Killed a phantom
  2502 | D:4      | Reached skill level 5 in Conjurations
  2502 | D:4      | Gained mutation: You are mostly covered in rugged brown
                  | scales. (AC +2, +5% HP) [demonic ancestry]
  2502 | D:4      | Reached XP level 6. HP: 39/46 MP: 8/11
  2742 | D:4      | Reached XP level 7. HP: 16/53 MP: 12/12
  3106 | D:5      | Entered Level 5 of the Dungeon
  3213 | D:5      | Found Upna's Jewellery Emporium.
  3213 | D:5      | Found Letieg's Antique Weapon Emporium.
  3217 | D:5      | Found Qielairog's General Store.
  3217 | D:5      | Found Vevefaun's Weapon Emporium.
  3286 | D:5      | Learned a level 2 spell: Searing Ray
  3433 | D:5      | Found a sand-covered staircase.
  3446 | Ossuary  | Entered an ossuary
  3581 | Ossuary  | Reached skill level 6 in Conjurations
  3797 | D:5      | Found an ancient bone altar of Kikubaaqudgha.
  4078 | D:5      | Gained mutation: You regenerate a little health from kills.
                  | [demonic ancestry]
  4078 | D:5      | Reached XP level 8. HP: 63/63 MP: 12/14
  4303 | D:6      | Reached skill level 5 in Spellcasting
  4749 | D:6      | Found a staircase to the Ecumenical Temple.
  4811 | Temple   | Entered the Ecumenical Temple
  5089 | Temple   | Became a worshipper of Cheibriados the Contemplative
  5654 | D:6      | Found an ornate altar of the Wu Jian Council.
  5801 | D:7      | Reached skill level 5 in Fighting
  5811 | D:7      | Found a runed translucent gate.
  5814 | D:7      | Found a runed translucent gate.
  5815 | D:7      | Found a runed translucent gate.
  5816 | D:7      | Noticed Jackthecabe's ghost (novice TeAE)
  5816 | D:7      | Noticed ryw's ghost (novice HONe)
  5817 | D:7      | Noticed Sabo's ghost (novice AtFi)
  5817 | D:7      | Noticed Esekla's ghost (novice OpDe)
  5817 | D:7      | Noticed ryw's ghost (novice HONe)
  5854 | D:7      | Reached * piety under Cheibriados
  5874 | D:7      | Reached skill level 7 in Conjurations
  5874 | D:7      | Reached skill level 1 in Invocations
  6046 | D:7      | Gained mutation: Your touch may inflict irresistible damage
                  | on your foes. [demonic ancestry]
  6046 | D:7      | Reached XP level 9. HP: 67/71 MP: 14/17
  6357 | D:7      | Reached skill level 5 in Short Blades
  6595 | D:8      | Noticed a two-headed ogre
  6595 | D:8      | Found a burning altar of Makhleb.
  6605 | D:8      | Killed a two-headed ogre
  6606 | D:8      | Reached skill level 1 in Long Blades
  6960 | D:8      | Reached ** piety under Cheibriados
  7120 | D:8      | Reached skill level 8 in Conjurations
  7168 | D:8      | Found a staircase to the Lair.
  7228 | D:8      | Reached skill level 5 in Invocations
  7855 | D:9      | Reached XP level 10. HP: 72/80 MP: 19/19
  8001 | D:9      | Reached *** piety under Cheibriados
  8243 | D:9      | Noticed Erolcha
  8249 | D:9      | Killed Erolcha
  8624 | D:9      | Reached **** piety under Cheibriados
  8839 | D:10     | Entered Level 10 of the Dungeon
  8862 | D:10     | Learned a level 4 spell: Fulminant Prism
  8875 | D:10     | Noticed a two-headed ogre
  8881 | D:10     | Killed a two-headed ogre
  8919 | D:10     | Found a sacrificial altar of Ru.
  8965 | D:10     | Noticed Maggie
  8968 | D:10     | Noticed a rust devil
  8978 | D:10     | Killed Maggie
  9297 | D:10     | Noticed Urug
  9311 | D:10     | Reached skill level 9 in Conjurations
  9497 | D:10     | Killed Urug
  9498 | D:10     | Reached XP level 11. HP: 89/89 MP: 5/22
  9662 | D:10     | Found a hazy altar of Hepliaklqana.
  9875 | D:10     | Noticed a two-headed ogre
  9881 | D:10     | Killed a two-headed ogre
  9907 | D:10     | Found a shadowy altar of Dithmenos.
  9974 | D:10     | Reached skill level 5 in Long Blades
 10091 | D:10     | Identified a scroll of acquirement
 10092 | D:10     | Acquired the ring of Jismaq {AC+4 Str+6}
 10224 | D:11     | Acquired a staff of conjuration
 10296 | D:11     | Noticed a two-headed ogre
 10309 | D:11     | Killed a two-headed ogre
 10616 | D:11     | Reached skill level 1 in Armour
 10692 | D:11     | Reached skill level 1 in Staves
 11026 | D:11     | Noticed a two-headed ogre
 11034 | D:11     | Killed a two-headed ogre
 11629 | D:11     | Reached ***** piety under Cheibriados
 12056 | D:12     | Reached skill level 1 in Translocations
 12192 | D:12     | Found a staircase to the Orcish Mines.
 12546 | D:12     | HP: 2/91 [troll (5)]
 12792 | D:12     | Reached skill level 10 in Conjurations
 12792 | D:12     | Gained mutation: Your demonic aura sometimes causes spilled
                  | blood to erupt in flames. [demonic ancestry]
 12792 | D:12     | Reached XP level 12. HP: 70/98 MP: 19/24
 13152 | D:13     | Noticed a seven-headed hydra
 13157 | D:13     | Killed a seven-headed hydra
 13160 | D:13     | Noticed a centaur warrior
 13161 | D:13     | Shot with an arrow by a centaur warrior

Illustrated notes

Levels and vault maps discovered:
D:1:      roderic_octagonal_star, layout_basic
D:2:      layout_basic, uniq_robin
D:3:      layout_rooms, serial_shops, nicolae_shop_hallway_plus,
          minmay_lizard_king, uniq_ijyb
D:4:      layout_basic, elyvilon_altar_4
D:5:      layout_loops_ring, mainiacjoe_overflow_catwalk, enter_ossuary_1,
          minmay_shop_grid_forest, hex_large, bh_walls_and_bars
D:6:      layout_basic, nzn_wu_jian_council_hall, temple_fountains
D:7:      layout_loops_cross, gammafunk_ghost_cemetery, minmay_holes
D:8:      layout_cave_pods, mainiacjoe_overflow_boulevard,
          erik_lair_orcish_takeover
D:9:      layout_roguey [special_room_orc], patterned_corridor, uniq_erolcha
D:10:     layout_irregular_city, nicolae_ru_awakened_eye,
          lemuel_coloured_pillars_altar, mainiacjoe_overflow_alcove_1,
          blue_anna_alchemist, uniq_maggie, uniq_urug
D:11:     layout_layer_cave
D:12:     layout_gridville, orc_0_dummy
D:13:     layout_grid_maze, hangedman_vaults_entry_quadrant_bands, serial_shops,
          shop, nicolae_trove_entry_crossroad, uniq_lodul
Temple:   regret_index_temple_generic_petals

Skill      XL: |  1  2  3  4  5  6  7  8  9 10 11 12 |
---------------+-------------------------------------+-----
Stealth        | 2 |  2.5
Dodging        | 2 |  2.4
Fighting       | 1 2 3 5 6 7 8 |  8.8
Spellcasting   | 3 4 5 6 7 8 |  8.6
Short Blades   | 1 2 3 4 5 |  5.0
Conjurations   | 5 6 7 8 9 10 | 10.0
Invocations    | 1 5 7 9 |  9.2
Long Blades    | 3 4 5 |  5.0
Armour         | 3 |  3.1
Staves         | 2 3 |  3.0
Translocations | 1 2 |  2.1

Action                   |  1- 3 |  4- 6 |  7- 9 | 10-12 || total
-------------------------+-------+-------+-------+-------++-------
Melee: Unarmed           |    26 |       |       |       ||    26
       Club              |    16 |       |       |       ||    16
       Short sword       |       |    67 |   107 |       ||   174
       Touch             |       |    10 |    28 |    51 ||    89
       Punch             |       |     1 |     6 |     1 ||     8
       Falchion          |       |       |    60 |    71 ||   131
       Staff             |       |       |       |   115 ||   115
 Cast: Magic Dart        |    83 |    53 |   229 |   106 ||   471
       Searing Ray       |       |       |    23 |    30 ||    53
       Fulminant Prism   |       |       |       |    42 ||    42
  Use: Potion            |       |     1 |       |       ||     1
       Scroll            |       |       |    11 |    17 ||    28
Armor: Robe              |    15 |    16 |    75 |    26 ||   132
       Steam dragon scal |       |       |       |   108 ||   108
Dodge: Dodged            |    46 |    36 |   144 |   172 ||   398

Table legend: (Time is in decaauts)
 A = Elapsed time spent in this place.
 B = Non-inter-level travel time spent in this place.
 C = Inter-level travel time spent in this place.
 D = Time resting spent in this place.
 E = Time spent auto-exploring this place.
 F = Levels seen in this place.
 G = Mean time per level.
                   A        B        C        D        E       F      G
               +--------+--------+--------+--------+--------+-----+--------+
         Total |  16087 |  15504 |    583 |    763 |  12056 |  15 | 1072.5 |
       Dungeon |  15574 |  15035 |    539 |    763 |  11684 |  13 | 1198.0 |
        Temple |    307 |    264 |     43 |      0 |    256 |   1 |  307.0 |
       Ossuary |    206 |    206 |      0 |      0 |    116 |   1 |  206.0 |
               +--------+--------+--------+--------+--------+-----+--------+

Top non-repeatable levels by time:
    D:11: 2424 daAuts
    D:10: 2134 daAuts
     D:8: 1618 daAuts
    D:12: 1604 daAuts
     D:6: 1406 daAuts
     D:9: 1304 daAuts
     D:7: 1083 daAuts
     D:1: 1020 daAuts
     D:5: 860 daAuts
     D:4: 824 daAuts
     D:2: 649 daAuts
     D:3: 611 daAuts
  Temple: 307 daAuts
 Ossuary: 206 daAuts
    D:13: 31 daAuts
